 Dungeon Crawl Stone Soup version 0.30.1-11-g7821555f0a (webtiles) character file.

Game seed: 18429673038159947749

5847 Zeor the Carver (level 10, -6/114 HPs)
             Began as a Demonspawn Gladiator on Oct 27, 2023.
             Was a Follower of Kikubaaqudgha.
             Mangled by a yak (8 damage)
             ... on level 9 of the Dungeon.
             The game lasted 00:29:34 (8786 turns).

Zeor the Carver (Demonspawn Gladiator)              Turns: 8786, Time: 00:29:35

Health: -6/114     AC: 29    Str: 15    XL:     10   Next: 51%
Magic:  19/19      EV:  2    Int: 17    God:    Kikubaaqudgha [*.....]
Gold:   853        SH:  0    Dex: 15    Spells: 16/21 levels left

rFire   . . .        a - +3 scimitar
rCold   . . .        (no shield)
rNeg    . . .        j - melded +1 leather armour {rC+}
rPois   +            c - melded +0 helmet
rElec   .            (cloak currently unavailable)
rCorr   .            (gloves currently unavailable)
SInv    .            k - melded +0 pair of boots
Will    .....        (no amulet)
Stlth   ++           l - +4 ring of protection
HPRegen 0.39/turn    (no ring)
MPRegen 0.16/turn

%: no passive effects
@: tree-form
A: stationary, stasis, torment immunity, boosted hp, big brain 2, (demonic touch
2)
a: Renounce Religion, Unearth Wretches


You were on level 9 of the Dungeon.
You worshipped Kikubaaqudgha.
Kikubaaqudgha was aware of your devotion.
You were a tree.
You visited 2 branches of the dungeon, and saw 10 of its levels.

You collected 853 gold pieces.

Inventory:

Hand Weapons
 a - a +3 scimitar (weapon)
 h - a +2 great sword
 o - a +1 long sword
 E - a +0 scimitar
Missiles
 d - 5 throwing nets (quivered)
 e - a javelin
 n - a boomerang of dispersal
Armour
 c - a +0 helmet (melded)
 j - a +1 leather armour of cold resistance (melded)
 k - a +0 pair of boots (melded)
 s - an orb of guile
 D - +0 acid dragon scales
Magical Staves
 x - a staff of cold
 z - a staff of conjuration
Jewellery
 l - a +4 ring of protection (left branch)
Wands
 m - a wand of polymorph (11)
 y - a wand of roots (16)
Scrolls
 b - 2 scrolls of amnesia
 i - a scroll of enchant weapon
 p - 4 scrolls of teleportation
 v - a scroll of immolation
 F - a scroll of vulnerability
 G - a scroll of identify
 H - a scroll of blinking
Potions
 f - a potion of brilliance
 g - a potion of cancellation
 q - 2 potions of mutation
 r - 6 potions of curing
 t - a potion of ambrosia
 w - a potion of resistance
 A - 3 potions of attraction
 B - a potion of flight


   Skills:
 + Level 6.1 Fighting
 + Level 9.7 Long Blades
 + Level 1.9 Throwing
 + Level 4.3 Armour
 + Level 5.6 Dodging
 - Level 2.0 Stealth
 * Level 6.3 Spellcasting
 * Level 2.1 Necromancy


You had 16 spell levels left.
You knew the following spells:

 Your Spells              Type           Power      Damage    Failure   Level
d - Vampiric Draining     Necr           12%        2d6       16%         3
k - Kiss of Death         Conj/Necr      36%        2d8       8%          1
n - Necrotise             Necr           48%        1d6       4%          1

Your spell library contained the following spells:

 Spells                   Type           Power      Damage    Failure   Level
 Sublimation of Blood     Necr           12%        N/A       8%          2
 Magic Dart               Conj           20%        1d4       12%         1
 Summon Small Mammal      Summ           20%        N/A       12%         1
 Searing Ray              Conj           10%        2d4       19%         2
 Call Canine Familiar     Summ           5%         N/A       36%         3
 Portal Projectile        Hex/Tloc       10%        N/A       36%         3
 Summon Guardian Golem    Hex/Summ       5%         N/A       36%         3
 Volatile Blastmotes      Fire/Tloc      10%        2d10      36%         3
 Fulminant Prism          Conj/Hex       2%         3d5       77%         4
 Iskenderun's Mystic Bla  Conj/Tloc      5%         2d3       77%         4
 Leda's Liquefaction      Hex/Erth       2%         N/A       77%         4
 Lee's Rapid Deconstruct  Erth           2%         3d5*      98%         5


Dungeon Overview and Level Annotations

Branches:
Dungeon (9/15)             Temple (1/1) D:7            Lair (0/5) D:8
    Orc: D:9-12

Altars:
Ashenzari
Cheibriados
Hepliaklqana
Kikubaaqudgha
Nemelex Xobeh
Okawaru
Ru
Uskayaw
Vehumet

Shops:
D:3 =

Annotations:
D:3 2 transporters, middlethird's ghost, weakling VSMo
D:9 Harold


Innate Abilities, Weirdness & Mutations

You are a tree.
Your roots penetrate the ground, keeping you stationary.
You cannot be teleported.
You are immune to unholy pain and torment.
Your maximum health is greatly increased.
Your equipment is partially melded.
You have an extremely huge brain. (Int +4)
((Your touch may inflict irresistible damage on your foes.))


Message History

You hit Harold.
Harold is lightly wounded.
Harold hits you but does no damage. The yak gores you but does no damage.
The yak gores you.
* * * LOW HITPOINT WARNING * * *
The yak gores you but does no damage. The yak gores you.
* * * LOW HITPOINT WARNING * * *
You barely miss Harold.
Harold is lightly wounded.
Harold hits you with a +0 scimitar!
* * * LOW HITPOINT WARNING * * *
The yak barely misses you.
The yak gores you but does no damage. x3
You feel much better. Harold hits you with a +0 scimitar!
* * * LOW HITPOINT WARNING * * *
The yak gores you but does no damage. x2; The yak gores you!
* * * LOW HITPOINT WARNING * * *
The yak gores you but does no damage.
You slash Harold!
Harold is moderately wounded.
The yak barely misses you.
The yak gores you but does no damage. x2
The yak gores you.
* * * LOW HITPOINT WARNING * * *
Harold hits you but does no damage.
Enter note: dammit.
You barely miss Harold.
Harold is moderately wounded.
The yak gores you but does no damage. x2; The yak gores you.
* * * LOW HITPOINT WARNING * * *
The yak gores you but does no damage. Harold hits you with a +0 scimitar!
* * * LOW HITPOINT WARNING * * *
You completely miss Harold.
Harold is moderately wounded.
The yak gores you but does no damage. x2; The yak gores you.
* * * LOW HITPOINT WARNING * * *
The yak gores you but does no damage. Harold hits you but does no damage.
You completely miss Harold.
Harold is moderately wounded.
The yak gores you!
You die...
Kikubaaqudgha rasps: "You have failed me!
Welcome... death!"

∙ ∙∙ ▒▒▒▒▒▒▒▒▒
▒∙▒▒∙z∙∙∙∙∙▒
▒∙∙'@YY∙∙∙∙▒
▒∙∙▒Y♣Y∙∙∙∙▒▒▒▒▒▒▒▒▒▒
▒∙ ▒▒▒▒▒▒∙∙∙∙∙∙∙∙∙∙∙▒
▒ ▒▒▒▒▒▒▒▒▒▒▒∙▒
∙∙∙∙∙∙∙∙∙▒ ▒▒▒▒▒▒∙∙▒
▒∙∙▒ ▒▒▒▒▒▒∙∙▒
▒∙∙∙∙∙∙∙▒ ▒∙▒▒▒▒∙▒▒


You could see Harold, 4 yaks and a wight.

Vanquished Creatures
  Pikel (D:5)
  Maggie (D:7)
  A wyvern (D:6)
  2 yaks (D:9)
  A wraith (D:5)
  3 wargs (D:8)
  Menkaure (D:7)
  A water moccasin (D:6)
  Duvessa (D:7)
  2 orc warriors (D:8)
  4 ice beasts
  2 sky beasts
  A black bear (D:4)
  3 ogres (D:5)
  2 centaurs
  A phantom (D:5)
  2 bullfrogs
  A kobold brigand (D:8)
  6 scorpions
  9 wights (D:7)
  Dowan (D:7)
  4 howler monkeys
  3 hounds
  2 jellies
  6 orc priests
  2 gnoll boudas
  5 iguanas (D:5)
  4 sleepcaps
  8 orc wizards
  21 gnolls
  11 adders
  4 shadow imps
  3 white imps (D:5)
  2 ufetubi
  2 worms
  9 dart slugs
  23 orcs
  8 bats
  4 endoplasms
  A giant cockroach (D:1)
  9 goblins
  9 hobgoblins
  4 jackals (D:2)
  2 quokkas
  10 ball pythons
  3 frilled lizards
  13 kobolds
  2 rats (D:1)
220 creatures vanquished.

Notes
Turn   | Place    | Note
-------+----------+-------------------------------------------
     0 | D:1      | Zeor the Demonspawn Gladiator began the quest for the Orb.
     0 | D:1      | Reached XP level 1. HP: 16/16 MP: 1/1
   421 | D:1      | Gained mutation: You have an unusually large brain. (Int
                  | +2) [demonic ancestry]
   421 | D:1      | Reached XP level 2. HP: 22/22 MP: 2/2
   450 | D:1      | Reached skill level 3 in Long Blades
   939 | D:2      | Reached XP level 3. HP: 28/28 MP: 3/3
  1527 | D:2      | Reached skill level 1 in Spellcasting
  1636 | D:3      | Found Haciyt's Jewellery Boutique.
  1914 | D:3      | Gained mutation: Your touch may inflict minor irresistible
                  | damage on your foes. [demonic ancestry]
  1914 | D:3      | Reached XP level 4. HP: 30/34 MP: 5/5
  1963 | D:3      | Found a radiant altar of Vehumet.
  2337 | D:3      | Found a transporter.
  2338 | D:3      | Found a transporter.
  2339 | D:3      | Noticed middlethird's ghost (weakling VSMo)
  2339 | D:3      | Noticed an ogre
  2341 | D:3      | Noticed an ogre
  2476 | D:4      | Reached skill level 1 in Armour
  2551 | D:4      | Gained mutation: Your touch may inflict irresistible damage
                  | on your foes. [demonic ancestry]
  2551 | D:4      | Reached XP level 5. HP: 39/39 MP: 7/7
  2567 | D:4      | Reached skill level 4 in Long Blades
  2659 | D:4      | Noticed a black bear
  2666 | D:4      | Killed a black bear
  2667 | D:4      | Reached XP level 6. HP: 47/47 MP: 10/10
  3441 | D:5      | Entered Level 5 of the Dungeon
  3447 | D:5      | Reached skill level 5 in Long Blades
  3505 | D:5      | Reached XP level 7. HP: 52/52 MP: 11/11
  3737 | D:5      | Noticed Pikel
  3754 | D:5      | Killed Pikel
  3755 | D:5      | Reached skill level 6 in Long Blades
  3755 | D:5      | Reached skill level 1 in Stealth
  3755 | D:5      | Reached XP level 8. HP: 39/60 MP: 13/13
  4256 | D:5      | Reached skill level 7 in Long Blades
  4887 | D:5      | Reached XP level 9. HP: 64/65 MP: 15/15
  5448 | D:6      | Reached skill level 5 in Spellcasting
  5458 | D:6      | Reached skill level 8 in Long Blades
  6195 | D:6      | Reached skill level 5 in Fighting
  6195 | D:6      | Reached skill level 5 in Dodging
  6675 | D:7      | Noticed Menkaure
  6684 | D:7      | Killed Menkaure
  6737 | D:7      | Noticed Duvessa
  6737 | D:7      | Noticed Dowan
  6755 | D:7      | Killed Duvessa
  6761 | D:7      | Killed Dowan
  6998 | D:7      | Noticed Maggie
  7042 | D:7      | Killed Maggie
  7043 | D:7      | Reached skill level 9 in Long Blades
  7043 | D:7      | Gained mutation: You have an extremely huge brain. (Int +4)
                  | [demonic ancestry]
  7043 | D:7      | Reached XP level 10. HP: 70/74 MP: 18/18
  7114 | D:7      | Found a staircase to the Ecumenical Temple.
  7136 | Temple   | Entered the Ecumenical Temple
  7145 | Temple   | Became a worshipper of Kikubaaqudgha
  7748 | D:7      | Reached skill level 1 in Necromancy
  7905 | D:8      | Found a sparkling altar of Nemelex Xobeh.
  8340 | D:8      | Reached * piety under Kikubaaqudgha
  8340 | D:8      | Received a gift from Kikubaaqudgha
  8482 | D:8      | Learned a level 1 spell: Necrotise
  8484 | D:8      | Learned a level 1 spell: Kiss of Death
  8488 | D:8      | Learned a level 3 spell: Vampiric Draining
  8501 | D:8      | Found a staircase to the Lair.
  8760 | D:9      | Noticed Harold
  8784 | D:9      | dammit.
  8784 | D:9      | HP: 2/114 [Harold/+0 scimitar (10)]
  8786 | D:9      | Mangled by a yak

Illustrated notes

∙ ∙∙ ▒▒▒▒▒▒▒▒▒
▒∙▒▒∙∙∙∙∙∙∙▒
▒∙∙z@YY∙∙∙∙▒
▒∙∙▒Y♣Y∙∙∙∙▒▒▒▒▒▒▒▒▒▒
▒∙ ▒▒▒▒▒▒∙∙∙∙∙∙∙∙∙∙∙▒
▒ ▒▒▒▒▒▒▒▒▒▒▒∙▒
∙∙∙∙∙∙∙∙∙▒ ▒▒▒▒▒▒∙∙▒
▒∙∙▒ ▒▒▒▒▒▒∙∙▒
▒∙∙∙∙∙∙∙▒ ▒∙▒▒▒▒∙▒▒


Turn 8784 on D:9: dammit.

Levels and vault maps discovered:
D:1:      nicolae_arrival_somewhat_less_tricky_arrival, layout_loops_ring,
          minmay_tromino_i4
D:2:      layout_basic
D:3:      layout_basic, mainiacjoe_overflow_surrounded_room,
          fiery_altar_vehumet, gammafunk_ghost_smash, serial_shops,
          nicolae_shop_gaudy_bauble, minmay_ruptured
D:4:      layout_basic
D:5:      minmay_polygon_palace, layout_basic, minmay_bent, uniq_pikel
D:6:      layout_basic, minmay_checkerbox
D:7:      layout_basic, minmay_temple_entry_junction, enter_bailey_4,
          uniq_maggie, uniq_menkaure, uniq_duvessa
D:8:      layout_basic, mainiacjoe_overflow_alcove_4, erik_lair_orcish_takeover
D:9:      layout_basic, uniq_harold, uniq_erica, uniq_amaemon
Temple:   hellmonk_temple_of_storms

Skill      XL: |  1  2  3  4  5  6  7  8  9 10 |
---------------+-------------------------------+-----
Long Blades    | 3 4 5 6 7 9 |  9.7
Dodging        | 3 4 5 |  5.6
Spellcasting   | 1 3 4 5 6 |  6.3
Armour         | 1 2 3 4 |  4.3
Fighting       | 3 4 5 6 |  6.1
Stealth        | 1 2 |  2.0
Necromancy     | 2 |  2.1
Throwing       | |  1.9

Action                     |  1- 3 |  4- 6 |  7- 9 | 10-12 || total
---------------------------+-------+-------+-------+-------++-------
  Melee: Long sword        |   121 |    90 |   348 |       ||   559
         Punch             |     2 |     2 |     6 |     3 ||    13
         Touch             |       |    12 |    67 |    32 ||   111
         Scimitar          |       |       |       |   180 ||   180
  Throw: Throwing net      |       |     2 |     1 |       ||     3
   Cast: Necrotise         |       |       |       |     3 ||     3
         Vampiric Draining |       |       |       |     1 ||     1
    Use: Scroll            |     7 |     5 |     9 |     1 ||    22
         Potion            |       |       |     6 |     3 ||     9
   Stab: Held in net/web   |       |       |     2 |       ||     2
         Invisible         |       |       |     4 |       ||     4
         Sleeping          |       |       |     3 |       ||     3
 Armour: Leather armour    |    43 |    28 |   119 |    42 ||   232
         Skin              |       |       |       |    51 ||    51
  Dodge: Dodged            |    88 |    55 |   195 |    82 ||   420
